[ AOE2 MATCH · #466638201 ]
UnrankedKhmer vs Portuguese
Player's team · LOSS
[ REPLAY ANALYSIS · EXTRACTED FROM THE RECORDED GAME ]
Feudal
16:47
Castle
27:59
Imperial
—
| APM avg | 11.3 |
| APM peak | 34 |
| eAPM avg | 7.6 |
| Villagers / military | 65 / 27 |
Focus
⚔️ 22.3% · 🌾 77.7%
Battle Elephant ×12 · Fishing Ship ×7 · Ballista Elephant ×5 · Spearman ×4 · Scout Cavalry ×3 · Galley ×2
Feudal
18:19
Castle
23:40
Imperial
—
| APM avg | 16.1 |
| APM peak | 50 |
| eAPM avg | 7.4 |
| Villagers / military | 60 / 15 |
Focus
⚔️ 17.3% · 🌾 82.7%
Skirmisher ×11 · Spearman ×3 · Militia ×1
Feudal
14:23
Castle
22:28
Imperial
37:55
| APM avg | 32.8 |
| APM peak | 70 |
| eAPM avg | 13.6 |
| Villagers / military | 112 / 84 |
Focus
⚔️ 36.9% · 🌾 63.1%
Archer ×72 · Fishing Ship ×29 · Bombard Cannon ×7 · Mangonel ×4 · Unknown (2626) ×2 · Monk ×1
Feudal
17:08
Castle
24:19
Imperial
45:18
| APM avg | 16.6 |
| APM peak | 36 |
| eAPM avg | 10.4 |
| Villagers / military | 97 / 127 |
Focus
⚔️ 19.6% · 🌾 80.4%
Knight ×68 · Skirmisher ×46 · Fishing Ship ×13 · Unknown (2626) ×8 · Battering Ram ×5 · Spearman ×4
Feudal
—
Castle
—
Imperial
—
| APM avg | 25.0 |
| APM peak | 139 |
| eAPM avg | 19.4 |
| Villagers / military | 91 / 69 |
Focus
⚔️ 11.9% · 🌾 88.1%
Knight ×27 · Spearman ×22 · Scout Cavalry ×15 · Fishing Ship ×14 · Scorpion ×5
Feudal
42:48
Castle
—
Imperial
—
| APM avg | 9.9 |
| APM peak | 29 |
| eAPM avg | 5.4 |
| Villagers / military | 49 / 3 |
Focus
⚔️ 11.0% · 🌾 89.0%
Militia ×3
Feudal
17:31
Castle
23:28
Imperial
36:09
| APM avg | 22.1 |
| APM peak | 54 |
| eAPM avg | 12.7 |
| Villagers / military | 98 / 81 |
Focus
⚔️ 28.0% · 🌾 72.0%
Scout Cavalry ×36 · Hand Cannoneer ×22 · Camel Scout ×10 · Fishing Ship ×8 · Janissary ×5 · Trebuchet (Packed) ×3
Feudal
15:28
Castle
22:29
Imperial
35:27
| APM avg | 25.6 |
| APM peak | 50 |
| eAPM avg | 16.1 |
| Villagers / military | 73 / 72 |
Focus
⚔️ 28.9% · 🌾 71.1%
Rattan Archer ×32 · Fishing Ship ×28 · Galley ×13 · Fire Lancer ×13 · Trebuchet (Packed) ×5 · Monk ×3
Match map
Initial resources + every placement click. Lines = walls · curves = elevation contours. ◆ gold · ⬟ stone · ● berries · ✦ relic · ◌ wall gap
Inputs per minute
— mariobaracus - - Dark.andres
Build order — mariobaracus
146 actions detected in the replay
| 0:52 | Build | Town Center |
| 3:12 | Create | Villager (Male) |
| 3:12 | Create | Villager (Male) |
| 3:12 | Create | Villager (Male) |
| 3:13 | Create | Villager (Male) |
| 3:13 | Create | Villager (Male) |
| 3:50 | Research | Loom |
| 4:16 | Build | House |
| 4:18 | Build | House |
| 4:30 | Create | Villager (Male) |
| 4:30 | Create | Villager (Male) |
| 5:12 | Create | Villager (Male) |
| 5:12 | Create | Villager (Male) |
| 5:41 | Create | Villager (Male) |
| 5:41 | Create | Villager (Male) |
| 6:37 | Build | House |
| 7:13 | Create | Villager (Male) |
| 7:13 | Create | Villager (Male) |
| 7:14 | Create | Villager (Male) |
| 7:45 | Build | Mill |
| 8:01 | Create | Villager (Male) |
| 8:01 | Create | Villager (Male) |
| 8:29 | Create | Villager (Male) ×3 |
| 8:43 | Build | House |
| 9:29 | Create | Villager (Male) ×2 |
| 9:29 | Create | Villager (Male) ×2 |
| 9:38 | Build | Lumber Camp |
| 10:41 | Create | Villager (Male) ×5 |
| 11:34 | Build | Farm |
| 12:55 | Build | House |
| 13:08 | Build | House |
| 13:35 | Create | Villager (Male) |
| 13:54 | Build | Farm |
| 14:05 | Build | Barracks |
| 14:22 | Build | Dock |
| 14:37 | Research | Feudal Age |
| 14:37 | Research | Feudal Age |
| 15:06 | Create | Fishing Ship |
| 15:07 | Create | Fishing Ship |
| 15:16 | Build | House |
| 15:34 | Build | Mill |
| 16:04 | Create | Militia |
| 16:32 | Build | Mining Camp |
| 16:41 | Build | Mining Camp |
| 16:47 | Age | Feudal Age |
| 16:49 | Research | Wheelbarrow |
| 16:55 | Research | Double-Bit Axe |
| 16:55 | Research | Double-Bit Axe |
| 17:07 | Create | Fishing Ship |
| 17:18 | Build | House |
| 17:28 | Create | Villager (Male) |
| 18:04 | Research | Tech 906 |
| 18:25 | Create | Spearman |
| 18:31 | Create | Villager (Male) ×3 |
| 18:48 | Create | Fishing Ship |
| 18:57 | Create | Spearman |
| 19:21 | Build | Stable |
| 20:01 | Create | Villager (Male) ×3 |
| 20:15 | Build | Farm |
| 21:02 | Create | Scout Cavalry |
| 21:02 | Create | Scout Cavalry |
| 21:05 | Create | Scout Cavalry |
| 21:17 | Create | Fishing Ship |
| 22:04 | Research | Gold Mining |
| 22:08 | Create | Villager (Male) |
| 22:08 | Create | Villager (Male) |
| 22:15 | Create | Fishing Ship |
| 22:31 | Build | Farm |
| 22:33 | Build | Farm |
| 22:37 | Build | Farm |
| 22:55 | Build | Market |
| 23:07 | Build | Blacksmith |
| 24:26 | Create | Fishing Ship |
| 25:06 | Build | House |
| 25:08 | Build | House |
| 25:09 | Build | House |
| 25:19 | Research | Castle Age |
| 25:22 | Research | Stone Mining |
| 27:15 | Research | Fletching |
| 27:16 | Research | Forging |
| 27:37 | Build | Fish Trap |
| 27:41 | Build | Fish Trap |
| 27:46 | Build | Fish Trap |
| 27:49 | Build | Fish Trap |
| 27:59 | Age | Castle Age |
| 28:03 | Build | Town Center |
| 28:06 | Research | Bow Saw |
| 28:09 | Create | Battle Elephant |
| 28:22 | Create | Villager (Male) |
| 29:04 | Create | Villager (Male) ×5 |
| 29:14 | Create | Villager (Male) |
| 29:41 | Build | Town Center |
| 29:51 | Create | Battle Elephant |
| 30:10 | Create | Trade Cart |
| 30:59 | Research | Hand Cart |
| 30:59 | Research | Hand Cart |
| 31:11 | Create | Villager (Male) |
| 31:12 | Create | Villager (Male) |
| 31:17 | Build | Farm |
| 31:29 | Build | Fish Trap |
| 32:01 | Research | Town Watch |
| 32:07 | Research | Iron Casting |
| 32:21 | Create | Villager (Male) |
| 32:21 | Create | Villager (Male) |
| 32:31 | Research | Gold Shaft Mining |
| 32:36 | Create | Villager (Male) ×3 |
| 32:55 | Build | Stable |
| 33:00 | Create | Villager (Male) |
| 33:15 | Create | Villager (Male) |
| 33:16 | Create | Villager (Male) |
| 33:26 | Create | Galley |
| 33:30 | Create | Galley |
| 33:42 | Build | Fish Trap |
| 33:47 | Build | Fish Trap |
| 34:07 | Create | Battle Elephant |
| 34:28 | Build | Castle |
| 34:36 | Research | Husbandry |
| 34:37 | Create | Battle Elephant |
| 35:17 | Create | Battle Elephant |
| 35:30 | Create | Battle Elephant |
| 35:38 | Create | Villager (Male) |
| 35:38 | Create | Villager (Male) |
| 35:39 | Create | Villager (Male) |
| 35:52 | Create | Battle Elephant |
| 36:08 | Research | Scale Barding Armor |
| 36:10 | Research | Bodkin Arrow |
| 36:23 | Build | Castle |
| 36:26 | Research | Tusk Swords |
| 36:27 | Create | Ballista Elephant ×2 |
| 36:54 | Build | University |
| 37:12 | Create | Ballista Elephant |
| 37:44 | Create | Villager (Male) ×5 |
| 37:47 | Create | Battle Elephant |
| 39:17 | Build | Stable |
| 39:21 | Build | Stable |
| 39:24 | Create | Battle Elephant |
| 39:43 | Create | Villager (Male) |
| 40:30 | Create | Battle Elephant |
| 40:30 | Create | Battle Elephant |
| 40:53 | Create | Villager (Male) |
| 41:23 | Create | Ballista Elephant |
| 41:23 | Create | Ballista Elephant |
| 43:38 | Build | Monastery |
| 44:03 | Create | Battle Elephant |
| 44:22 | Create | Spearman |
| 44:22 | Create | Spearman |
Build order — Dark.andres
133 actions detected in the replay
| 0:15 | Build | Town Center |
| 2:39 | Create | Villager (Male) |
| 2:39 | Create | Villager (Male) |
| 2:39 | Create | Villager (Male) |
| 2:45 | Build | House |
| 3:04 | Build | House |
| 3:38 | Create | Villager (Male) |
| 4:18 | Create | Villager (Male) |
| 4:41 | Create | Villager (Male) |
| 4:42 | Create | Villager (Male) |
| 5:10 | Create | Villager (Male) |
| 5:10 | Create | Villager (Male) |
| 5:52 | Create | Villager (Male) |
| 6:12 | Create | Villager (Male) |
| 6:12 | Create | Villager (Male) |
| 6:36 | Build | Mill |
| 6:42 | Create | Villager (Male) |
| 6:43 | Create | Villager (Male) |
| 8:09 | Research | Loom |
| 8:33 | Create | Villager (Male) |
| 8:33 | Create | Villager (Male) |
| 8:40 | Build | House |
| 9:04 | Create | Villager (Male) |
| 9:04 | Create | Villager (Male) |
| 9:50 | Build | Barracks |
| 10:00 | Build | Barracks |
| 10:08 | Create | Villager (Male) |
| 10:08 | Create | Villager (Male) |
| 10:24 | Build | Lumber Camp |
| 10:34 | Build | House |
| 11:12 | Build | Farm |
| 11:12 | Build | Farm |
| 11:13 | Build | Farm |
| 11:25 | Create | Villager (Male) |
| 11:38 | Build | Farm |
| 11:41 | Create | Villager (Male) |
| 11:49 | Build | Farm |
| 11:49 | Build | Farm |
| 11:53 | Create | Militia |
| 12:08 | Build | House |
| 12:14 | Create | Villager (Male) |
| 12:36 | Build | House |
| 12:49 | Create | Villager (Male) |
| 12:56 | Build | Farm |
| 13:01 | Build | Farm |
| 13:05 | Create | Villager (Male) |
| 13:12 | Build | House |
| 13:28 | Build | Farm |
| 13:39 | Create | Villager (Male) |
| 13:50 | Build | Farm |
| 14:03 | Create | Villager (Male) |
| 14:29 | Create | Villager (Male) |
| 14:45 | Create | Villager (Male) |
| 15:16 | Create | Villager (Male) |
| 15:22 | Build | Farm |
| 15:22 | Build | Farm |
| 15:23 | Build | Farm |
| 15:23 | Build | Farm |
| 15:28 | Create | Villager (Male) |
| 16:03 | Research | Feudal Age |
| 16:23 | Build | Farm |
| 16:30 | Build | Mining Camp |
| 16:42 | Build | Mining Camp |
| 16:45 | Create | Villager (Male) |
| 16:53 | Build | Farm |
| 17:57 | Create | Villager (Male) |
| 18:19 | Age | Feudal Age |
| 18:24 | Build | Market |
| 18:30 | Build | Blacksmith |
| 18:34 | Build | House |
| 18:39 | Create | Villager (Male) |
| 18:43 | Research | Double-Bit Axe |
| 18:46 | Research | Horse Collar |
| 18:48 | Research | Gold Mining |
| 19:06 | Build | Farm |
| 19:55 | Build | Archery Range |
| 20:47 | Create | Skirmisher |
| 20:47 | Create | Skirmisher |
| 20:47 | Create | Skirmisher |
| 21:00 | Research | Castle Age |
| 21:28 | Build | Mining Camp |
| 23:03 | Create | Skirmisher |
| 23:10 | Create | Villager (Male) |
| 23:11 | Create | Villager (Male) |
| 23:14 | Research | Padded Archer Armor |
| 23:20 | Create | Skirmisher |
| 23:21 | Create | Skirmisher |
| 23:40 | Age | Castle Age |
| 24:14 | Create | Skirmisher |
| 24:49 | Create | Skirmisher |
| 25:14 | Create | Villager (Male) |
| 25:14 | Create | Villager (Male) |
| 25:21 | Create | Skirmisher |
| 25:47 | Build | Farm |
| 25:56 | Build | House |
| 25:57 | Build | House |
| 26:13 | Create | Skirmisher |
| 26:13 | Create | Skirmisher |
| 26:41 | Build | Castle |
| 27:20 | Research | Wheelbarrow |
| 28:55 | Create | Villager (Male) |
| 28:55 | Create | Villager (Male) |
| 28:55 | Create | Villager (Male) |
| 28:56 | Create | Villager (Male) |
| 28:56 | Create | Villager (Male) |
| 29:21 | Create | Spearman |
| 29:21 | Create | Spearman |
| 29:32 | Create | Villager (Male) |
| 29:33 | Create | Villager (Male) |
| 29:55 | Build | Farm |
| 30:22 | Create | Spearman |
| 31:30 | Build | Farm |
| 32:17 | Create | Villager (Male) |
| 32:18 | Create | Villager (Male) |
| 32:18 | Create | Villager (Male) |
| 32:25 | Build | Farm |
| 32:27 | Build | Farm |
| 32:36 | Research | Hand Cart |
| 34:29 | Create | Villager (Male) |
| 34:29 | Create | Villager (Male) |
| 34:30 | Create | Villager (Male) |
| 34:56 | Create | Villager (Male) |
| 35:04 | Research | Bow Saw |
| 35:52 | Create | Villager (Male) |
| 35:53 | Create | Villager (Male) |
| 36:15 | Create | Villager (Male) |
| 37:01 | Build | Town Center |
| 37:08 | Create | Villager (Male) |
| 37:08 | Create | Villager (Male) |
| 37:53 | Create | Villager (Male) |
| 38:27 | Research | Heavy Plow |
| 39:10 | Create | Villager (Male) |
| 39:10 | Create | Villager (Male) |
Build order — Maxi
First 150 of 381 actions detected
| 1:31 | Build | Town Center |
| 1:46 | Build | Dock |
| 1:50 | Build | House |
| 3:38 | Create | Villager (Male) |
| 3:38 | Create | Villager (Male) |
| 3:39 | Create | Villager (Male) |
| 3:39 | Create | Villager (Male) |
| 4:56 | Create | Villager (Male) |
| 4:56 | Create | Villager (Male) |
| 4:57 | Create | Villager (Male) |
| 5:41 | Create | Villager (Male) |
| 5:41 | Create | Villager (Male) |
| 5:49 | Create | Villager (Male) |
| 5:50 | Create | Villager (Male) |
| 6:03 | Build | House |
| 6:18 | Create | Villager (Male) |
| 6:49 | Create | Fishing Ship |
| 7:08 | Create | Villager (Male) |
| 7:09 | Create | Villager (Male) |
| 7:09 | Create | Villager (Male) |
| 7:40 | Create | Villager (Male) |
| 7:40 | Create | Villager (Male) |
| 7:41 | Create | Villager (Male) |
| 8:03 | Create | Villager (Male) |
| 8:09 | Create | Fishing Ship |
| 8:25 | Build | House |
| 8:37 | Create | Villager (Male) |
| 8:37 | Create | Villager (Male) |
| 9:06 | Create | Villager (Male) |
| 9:06 | Create | Villager (Male) |
| 9:20 | Build | House |
| 9:32 | Create | Fishing Ship |
| 9:32 | Create | Fishing Ship |
| 10:03 | Create | Villager (Male) |
| 10:10 | Create | Fishing Ship |
| 10:57 | Build | Lumber Camp |
| 11:01 | Create | Villager (Male) |
| 11:05 | Create | Villager (Male) |
| 11:05 | Create | Villager (Male) |
| 11:53 | Research | Loom |
| 11:54 | Research | Feudal Age |
| 11:59 | Build | Mill |
| 12:45 | Build | Mill |
| 12:53 | Create | Villager (Male) |
| 12:53 | Create | Villager (Male) |
| 13:26 | Build | House |
| 13:28 | Build | House |
| 13:58 | Build | Barracks |
| 14:12 | Create | Villager (Male) |
| 14:12 | Create | Villager (Male) |
| 14:23 | Age | Feudal Age |
| 14:24 | Research | Double-Bit Axe |
| 14:31 | Research | Tech 906 |
| 15:20 | Build | Archery Range |
| 15:48 | Create | Villager (Male) |
| 16:05 | Build | Blacksmith |
| 16:12 | Create | Archer |
| 16:13 | Create | Archer |
| 16:16 | Create | Villager (Male) |
| 16:33 | Create | Archer |
| 16:34 | Create | Archer |
| 16:38 | Create | Villager (Male) |
| 17:00 | Create | Fishing Ship |
| 17:00 | Create | Fishing Ship |
| 17:32 | Build | House |
| 17:41 | Build | Palisade Wall |
| 17:53 | Create | Villager (Male) |
| 17:57 | Research | Fletching |
| 18:00 | Create | Archer |
| 18:00 | Create | Archer |
| 18:01 | Create | Archer |
| 18:02 | Create | Archer |
| 18:14 | Build | Farm |
| 18:14 | Build | Farm |
| 18:15 | Build | Farm |
| 18:15 | Build | Farm |
| 18:15 | Build | Farm |
| 18:16 | Build | Farm |
| 19:48 | Research | Castle Age |
| 20:01 | Build | House |
| 20:03 | Build | House |
| 21:00 | Create | Archer |
| 21:01 | Create | Archer |
| 21:01 | Create | Archer |
| 21:01 | Create | Archer |
| 21:01 | Create | Archer |
| 21:01 | Create | Archer |
| 21:02 | Create | Archer |
| 21:02 | Create | Archer |
| 21:09 | Build | House |
| 21:11 | Build | House |
| 21:13 | Build | House |
| 21:14 | Build | House |
| 21:15 | Build | House |
| 21:16 | Build | House |
| 21:30 | Create | Archer |
| 21:31 | Create | Archer |
| 21:52 | Build | Dock |
| 22:04 | Create | Unit 2626 |
| 22:04 | Create | Unit 2626 |
| 22:25 | Research | Padded Archer Armor |
| 22:28 | Age | Castle Age |
| 22:38 | Research | Crossbowman (upgrade) |
| 22:41 | Research | Bodkin Arrow |
| 23:11 | Build | Town Center |
| 23:20 | Build | Town Center |
| 23:24 | Build | Monastery |
| 23:26 | Create | Villager (Male) |
| 23:27 | Create | Villager (Male) |
| 23:27 | Create | Villager (Male) |
| 23:27 | Create | Villager (Male) |
| 23:27 | Create | Villager (Male) |
| 23:27 | Create | Villager (Male) |
| 23:28 | Create | Villager (Male) |
| 23:28 | Create | Villager (Male) |
| 23:33 | Build | Mining Camp |
| 23:39 | Create | Villager (Male) |
| 23:41 | Research | Bow Saw |
| 24:15 | Create | Archer |
| 24:15 | Create | Archer |
| 24:15 | Create | Archer |
| 24:16 | Create | Archer |
| 24:16 | Create | Archer |
| 24:34 | Create | Archer |
| 24:34 | Create | Archer |
| 25:10 | Create | Villager (Male) |
| 25:10 | Create | Villager (Male) |
| 25:12 | Create | Villager (Male) |
| 25:12 | Create | Villager (Male) |
| 25:13 | Create | Villager (Male) |
| 25:46 | Build | Siege Workshop |
| 25:55 | Build | House |
| 25:56 | Build | House |
| 25:57 | Build | House |
| 25:58 | Build | House |
| 25:59 | Build | House |
| 26:15 | Create | Villager (Male) |
| 26:15 | Create | Villager (Male) |
| 26:16 | Create | Villager (Male) |
| 26:16 | Create | Villager (Male) |
| 26:58 | Create | Archer |
| 26:59 | Create | Archer |
| 26:59 | Create | Archer |
| 27:21 | Create | Mangonel |
| 27:21 | Create | Mangonel |
| 27:27 | Build | Mining Camp |
| 27:38 | Create | Villager (Male) |
| 27:38 | Create | Villager (Male) |
| 28:24 | Create | Mangonel |
| 28:25 | Create | Mangonel |
Build order — Sir_Akhozta
First 150 of 266 actions detected
| 0:21 | Build | Town Center |
| 2:44 | Create | Villager (Male) |
| 2:44 | Create | Villager (Male) |
| 2:44 | Create | Villager (Male) |
| 2:45 | Create | Villager (Male) |
| 2:45 | Create | Villager (Male) |
| 3:44 | Build | House |
| 3:45 | Build | House |
| 4:00 | Research | Loom |
| 4:36 | Create | Villager (Male) |
| 5:25 | Create | Villager (Male) |
| 5:45 | Create | Villager (Male) |
| 6:33 | Create | Villager (Male) |
| 6:55 | Create | Villager (Male) |
| 7:21 | Build | Dock |
| 7:28 | Create | Villager (Male) |
| 7:28 | Create | Villager (Male) |
| 7:28 | Create | Villager (Male) |
| 7:28 | Create | Villager (Male) |
| 7:51 | Create | Villager (Male) |
| 7:51 | Create | Villager (Male) |
| 8:12 | Create | Fishing Ship |
| 8:19 | Build | House |
| 8:33 | Create | Villager (Male) |
| 8:33 | Create | Villager (Male) |
| 8:56 | Build | House |
| 9:27 | Build | Barracks |
| 9:38 | Create | Villager (Male) |
| 9:47 | Create | Fishing Ship |
| 9:57 | Create | Villager (Male) |
| 10:22 | Build | House |
| 10:27 | Create | Militia |
| 10:35 | Create | Fishing Ship |
| 11:07 | Create | Villager (Male) |
| 11:07 | Create | Villager (Male) |
| 11:12 | Create | Fishing Ship |
| 11:13 | Create | Fishing Ship |
| 11:37 | Create | Villager (Male) |
| 11:59 | Build | Dock |
| 12:16 | Create | Villager (Male) |
| 12:17 | Create | Villager (Male) |
| 12:17 | Create | Villager (Male) |
| 12:52 | Create | Villager (Male) |
| 13:04 | Build | Mill |
| 13:12 | Build | House |
| 13:15 | Build | House |
| 13:50 | Create | Fishing Ship |
| 13:50 | Create | Fishing Ship |
| 13:51 | Create | Fishing Ship |
| 13:57 | Create | Fishing Ship |
| 13:57 | Create | Fishing Ship |
| 13:57 | Create | Fishing Ship |
| 14:17 | Build | Farm |
| 14:18 | Build | Farm |
| 14:18 | Build | Farm |
| 14:18 | Build | Farm |
| 14:18 | Build | Farm |
| 14:20 | Build | Farm |
| 14:33 | Create | Villager (Male) |
| 14:33 | Create | Villager (Male) |
| 14:53 | Build | Mining Camp |
| 14:58 | Research | Feudal Age |
| 14:58 | Research | Feudal Age |
| 15:41 | Build | Lumber Camp |
| 15:53 | Build | House |
| 15:54 | Build | House |
| 16:47 | Build | Mining Camp |
| 17:08 | Age | Feudal Age |
| 17:14 | Build | Farm |
| 17:16 | Create | Villager (Male) |
| 17:16 | Create | Villager (Male) |
| 17:17 | Create | Villager (Male) |
| 17:31 | Research | Double-Bit Axe |
| 17:53 | Build | Blacksmith |
| 18:19 | Create | Villager (Male) |
| 18:31 | Build | Stable |
| 18:50 | Create | Fishing Ship |
| 18:58 | Create | Fishing Ship |
| 19:15 | Create | Villager (Male) |
| 19:23 | Build | Farm |
| 19:23 | Build | Farm |
| 19:24 | Build | Farm |
| 19:53 | Create | Villager (Male) |
| 20:09 | Build | Stable |
| 20:41 | Research | Stone Mining |
| 20:47 | Research | Gold Mining |
| 21:39 | Research | Castle Age |
| 21:40 | Create | Villager (Male) |
| 21:41 | Create | Villager (Male) |
| 21:41 | Create | Villager (Male) |
| 21:41 | Create | Villager (Male) |
| 22:01 | Build | Stable |
| 22:44 | Create | Spearman |
| 22:44 | Create | Spearman |
| 22:48 | Create | Spearman |
| 22:48 | Create | Spearman |
| 23:03 | Build | House |
| 23:04 | Build | House |
| 23:05 | Build | House |
| 24:06 | Research | Forging |
| 24:19 | Age | Castle Age |
| 24:30 | Build | Castle |
| 24:40 | Create | Knight ×5 |
| 24:40 | Create | Knight ×5 |
| 24:40 | Create | Knight ×5 |
| 24:40 | Create | Knight ×5 |
| 24:40 | Create | Knight ×5 |
| 24:54 | Build | Town Center |
| 24:58 | Create | Villager (Male) |
| 24:59 | Create | Villager (Male) |
| 24:59 | Create | Villager (Male) |
| 25:40 | Build | Town Center |
| 27:25 | Create | Villager (Male) |
| 27:25 | Create | Villager (Male) |
| 27:26 | Create | Villager (Male) |
| 27:26 | Create | Villager (Male) |
| 27:26 | Create | Villager (Male) |
| 27:26 | Create | Villager (Male) |
| 27:26 | Create | Villager (Male) |
| 27:28 | Create | Villager (Male) |
| 27:29 | Create | Villager (Male) |
| 27:29 | Create | Villager (Male) |
| 27:43 | Build | Siege Workshop |
| 28:07 | Create | Galley |
| 28:15 | Create | Unit 2626 |
| 28:19 | Create | Unit 2626 |
| 28:25 | Create | Unit 2626 |
| 28:30 | Create | Villager (Male) |
| 28:30 | Create | Villager (Male) |
| 28:30 | Create | Villager (Male) |
| 29:37 | Create | Villager (Male) |
| 29:38 | Create | Villager (Male) |
| 29:38 | Create | Villager (Male) |
| 30:05 | Create | Unit 2626 |
| 30:05 | Create | Unit 2626 |
| 30:11 | Create | Unit 2626 |
| 30:12 | Create | Unit 2626 |
| 30:12 | Create | Unit 2626 |
| 30:40 | Create | Villager (Male) |
| 30:46 | Create | Battering Ram |
| 30:46 | Create | Battering Ram |
| 31:04 | Create | Villager (Male) |
| 31:16 | Build | Farm |
| 31:17 | Build | Farm |
| 31:17 | Build | Farm |
| 31:17 | Build | Farm |
| 31:17 | Build | Farm |
| 31:17 | Build | Farm |
| 31:18 | Build | Farm |
| 31:18 | Build | Farm |
Build order — PsychoGmoe
First 150 of 281 actions detected
| 0:18 | Build | Town Center |
| 0:22 | Build | House |
| 0:25 | Build | House |
| 2:50 | Create | Villager (Male) ×4 |
| 3:04 | Build | Dock |
| 5:03 | Create | Fishing Ship |
| 5:19 | Create | Villager (Male) |
| 5:40 | Create | Villager (Male) |
| 6:05 | Build | House |
| 6:11 | Create | Villager (Male) |
| 6:34 | Create | Villager (Male) |
| 7:16 | Create | Fishing Ship |
| 7:33 | Create | Villager (Male) |
| 7:33 | Create | Villager (Male) |
| 8:02 | Create | Fishing Ship |
| 8:26 | Build | House |
| 8:30 | Create | Villager (Male) |
| 8:33 | Create | Fishing Ship |
| 9:09 | Create | Fishing Ship |
| 9:33 | Create | Fishing Ship |
| 9:33 | Create | Fishing Ship |
| 9:33 | Create | Fishing Ship |
| 9:34 | Create | Fishing Ship |
| 9:54 | Build | House |
| 10:35 | Build | Dock |
| 10:42 | Create | Villager (Male) |
| 10:42 | Create | Villager (Male) |
| 10:42 | Create | Villager (Male) |
| 11:47 | Build | Mill |
| 12:03 | Create | Villager (Male) |
| 12:03 | Create | Villager (Male) |
| 12:04 | Create | Villager (Male) |
| 12:18 | Create | Fishing Ship |
| 12:19 | Create | Fishing Ship |
| 12:19 | Create | Fishing Ship |
| 12:19 | Create | Fishing Ship |
| 12:20 | Create | Fishing Ship |
| 12:45 | Build | House |
| 12:48 | Build | House |
| 12:54 | Build | House |
| 13:00 | Create | Villager (Male) |
| 13:00 | Create | Villager (Male) |
| 13:01 | Create | Villager (Male) |
| 13:01 | Create | Villager (Male) |
| 13:28 | Build | House |
| 13:32 | Build | House |
| 13:45 | Create | Villager (Male) |
| 13:45 | Create | Villager (Male) |
| 13:58 | Build | Lumber Camp |
| 14:34 | Build | House |
| 15:08 | Research | Feudal Age |
| 15:11 | Research | Loom |
| 16:58 | Build | Mining Camp |
| 17:34 | Build | Barracks |
| 17:47 | Build | Watch Tower |
| 17:56 | Create | Villager (Male) ×5 |
| 18:03 | Research | Double-Bit Axe |
| 18:43 | Build | Stable |
| 18:49 | Build | Stable |
| 19:07 | Create | Villager (Male) |
| 19:37 | Build | Watch Tower |
| 19:55 | Build | Blacksmith |
| 20:14 | Build | Watch Tower |
| 20:24 | Create | Scout Cavalry |
| 20:25 | Create | Scout Cavalry |
| 20:25 | Create | Scout Cavalry |
| 20:27 | Create | Scout Cavalry |
| 21:00 | Build | Watch Tower |
| 21:25 | Build | Watch Tower |
| 21:36 | Research | Forging |
| 22:37 | Create | Scout Cavalry ×5 |
| 22:44 | Build | House |
| 22:49 | Build | House |
| 22:52 | Build | House |
| 23:22 | Build | Watch Tower |
| 23:41 | Build | House |
| 23:45 | Create | Villager (Male) |
| 24:04 | Build | Market |
| 24:10 | Build | Mining Camp |
| 24:15 | Create | Scout Cavalry |
| 24:16 | Create | Scout Cavalry |
| 24:16 | Create | Scout Cavalry |
| 24:24 | Build | Watch Tower |
| 24:48 | Research | Scale Barding Armor |
| 24:53 | Build | Farm |
| 25:03 | Build | Dock |
| 25:10 | Build | Farm |
| 25:11 | Build | Farm |
| 25:11 | Build | Farm |
| 25:11 | Build | Farm |
| 25:12 | Build | Farm |
| 25:12 | Build | Farm |
| 25:13 | Build | Farm |
| 25:17 | Research | Horse Collar |
| 26:02 | Build | Farm |
| 27:42 | Research | Castle Age |
| 30:20 | Build | Stable |
| 30:25 | Build | Stable |
| 30:28 | Research | Chain Barding Armor |
| 30:32 | Research | Bloodlines |
| 30:33 | Create | Knight ×5 |
| 30:42 | Create | Villager (Male) |
| 30:47 | Build | Town Center |
| 30:52 | Create | Villager (Male) |
| 30:52 | Create | Villager (Male) |
| 31:01 | Build | House |
| 31:04 | Build | House |
| 31:05 | Build | House |
| 31:06 | Build | House |
| 31:52 | Research | Heavy Plow |
| 31:58 | Research | Bow Saw |
| 32:07 | Build | Lumber Camp |
| 32:22 | Research | Iron Casting |
| 32:25 | Create | Knight |
| 32:38 | Build | Fish Trap |
| 32:38 | Build | Fish Trap |
| 32:38 | Build | Fish Trap |
| 32:38 | Build | Fish Trap |
| 32:38 | Build | Fish Trap |
| 32:38 | Build | Fish Trap |
| 32:38 | Build | Fish Trap |
| 32:38 | Build | Fish Trap |
| 32:38 | Build | Fish Trap |
| 32:38 | Build | Fish Trap |
| 32:38 | Build | Fish Trap |
| 32:38 | Build | Fish Trap |
| 32:38 | Build | Fish Trap |
| 32:38 | Build | Fish Trap |
| 32:38 | Build | Fish Trap |
| 32:38 | Build | Fish Trap |
| 32:38 | Build | Fish Trap |
| 32:38 | Build | Fish Trap |
| 32:38 | Build | Fish Trap |
| 32:38 | Build | Fish Trap |
| 32:38 | Build | Fish Trap |
| 32:39 | Build | Fish Trap |
| 32:39 | Build | Fish Trap |
| 32:39 | Build | Fish Trap |
| 32:39 | Build | Fish Trap |
| 32:39 | Build | Fish Trap |
| 32:39 | Build | Fish Trap |
| 32:39 | Build | Fish Trap |
| 32:39 | Build | Fish Trap |
| 32:39 | Build | Fish Trap |
| 32:39 | Build | Fish Trap |
| 32:39 | Build | Fish Trap |
| 32:39 | Build | Fish Trap |
| 32:39 | Build | Fish Trap |
| 32:39 | Build | Fish Trap |
| 32:39 | Build | Fish Trap |
Build order — andres.carrasquilla007
97 actions detected in the replay
| 3:26 | Build | Town Center |
| 5:07 | Create | Villager (Male) |
| 5:08 | Create | Villager (Male) |
| 5:22 | Create | Villager (Male) |
| 5:26 | Research | Loom |
| 5:35 | Create | Villager (Male) |
| 5:36 | Create | Villager (Male) |
| 6:30 | Build | House |
| 6:32 | Build | House |
| 6:37 | Create | Villager (Male) |
| 7:21 | Build | Mill |
| 7:58 | Create | Villager (Male) |
| 8:39 | Create | Villager (Male) |
| 8:39 | Create | Villager (Male) |
| 9:18 | Create | Villager (Male) |
| 9:19 | Create | Villager (Male) |
| 9:19 | Create | Villager (Male) |
| 9:21 | Create | Villager (Male) |
| 10:52 | Create | Villager (Male) |
| 11:10 | Build | Barracks |
| 11:31 | Create | Villager (Male) |
| 11:33 | Create | Villager (Male) |
| 11:37 | Create | Militia |
| 12:09 | Create | Militia |
| 12:16 | Build | House |
| 13:02 | Build | House |
| 13:39 | Build | Farm |
| 13:39 | Build | Farm |
| 13:43 | Create | Militia |
| 15:06 | Build | Lumber Camp |
| 15:51 | Create | Villager (Male) |
| 15:52 | Create | Villager (Male) |
| 16:47 | Create | Villager (Male) |
| 16:50 | Create | Villager (Male) |
| 17:35 | Build | House |
| 17:37 | Build | House |
| 18:15 | Create | Villager (Male) |
| 19:26 | Build | Mill |
| 19:31 | Create | Villager (Male) |
| 19:31 | Create | Villager (Male) |
| 19:36 | Create | Villager (Male) |
| 21:06 | Create | Villager (Male) |
| 21:09 | Create | Villager (Male) |
| 22:45 | Create | Villager (Male) |
| 23:43 | Create | Villager (Male) |
| 24:11 | Create | Villager (Male) |
| 25:23 | Build | Lumber Camp |
| 25:47 | Build | Mill |
| 25:49 | Build | Farm |
| 26:27 | Build | Mill |
| 27:30 | Build | Town Center |
| 30:22 | Build | Mill |
| 30:24 | Build | Farm |
| 30:24 | Build | Farm |
| 30:25 | Build | Farm |
| 30:27 | Build | Farm |
| 33:01 | Create | Villager (Male) |
| 33:02 | Create | Villager (Male) |
| 33:09 | Build | House |
| 33:44 | Create | Villager (Male) |
| 34:29 | Create | Villager (Male) |
| 34:29 | Create | Villager (Male) |
| 35:26 | Create | Villager (Male) |
| 35:26 | Create | Villager (Male) |
| 35:26 | Create | Villager (Male) |
| 35:44 | Build | House |
| 35:59 | Create | Villager (Male) |
| 35:59 | Create | Villager (Male) |
| 35:59 | Create | Villager (Male) |
| 36:33 | Create | Villager (Male) |
| 36:33 | Create | Villager (Male) |
| 37:19 | Create | Villager (Male) |
| 37:19 | Create | Villager (Male) |
| 38:19 | Build | House |
| 38:22 | Build | House |
| 38:26 | Build | House |
| 38:28 | Build | House |
| 38:32 | Build | House |
| 39:05 | Build | Farm |
| 39:26 | Build | Farm |
| 39:42 | Create | Villager (Male) |
| 39:59 | Build | House |
| 40:01 | Build | House |
| 40:03 | Build | House |
| 40:05 | Build | House |
| 40:38 | Research | Feudal Age |
| 41:14 | Build | Lumber Camp |
| 42:48 | Age | Feudal Age |
| 43:01 | Build | House |
| 43:03 | Build | House |
| 43:07 | Build | House |
| 43:09 | Build | House |
| 43:13 | Build | House |
| 43:16 | Create | Villager (Male) |
| 43:16 | Create | Villager (Male) |
| 44:27 | Create | Villager (Male) |
| 44:47 | Create | Villager (Male) |
Build order — AK 47
First 150 of 333 actions detected
| 1:06 | Build | Town Center |
| 3:10 | Create | Villager (Male) |
| 3:10 | Create | Villager (Male) |
| 3:10 | Create | Villager (Male) |
| 3:11 | Create | Villager (Male) |
| 3:11 | Create | Villager (Male) |
| 4:12 | Build | House |
| 4:17 | Research | Loom |
| 4:20 | Create | Villager (Male) |
| 4:21 | Research | Loom |
| 4:27 | Create | Villager (Male) |
| 4:27 | Create | Villager (Male) |
| 4:35 | Build | House |
| 4:59 | Create | Villager (Male) |
| 5:26 | Create | Villager (Male) |
| 6:09 | Create | Villager (Male) |
| 6:27 | Create | Villager (Male) |
| 7:02 | Create | Villager (Male) |
| 7:31 | Build | Barracks |
| 7:41 | Create | Villager (Male) |
| 7:41 | Create | Villager (Male) |
| 8:19 | Build | House |
| 8:28 | Create | Villager (Male) |
| 8:47 | Create | Militia |
| 8:56 | Build | Dock |
| 9:04 | Create | Villager (Male) |
| 9:13 | Build | House |
| 9:41 | Create | Fishing Ship |
| 9:41 | Create | Fishing Ship |
| 9:50 | Create | Villager (Male) |
| 9:57 | Build | Mining Camp |
| 10:03 | Create | Villager (Male) |
| 10:35 | Create | Fishing Ship |
| 11:06 | Create | Villager (Male) |
| 11:30 | Create | Villager (Male) |
| 11:31 | Create | Fishing Ship |
| 11:41 | Build | House |
| 11:48 | Build | Lumber Camp |
| 11:55 | Create | Villager (Male) |
| 12:16 | Create | Villager (Male) |
| 12:58 | Build | House |
| 13:03 | Build | Palisade Wall |
| 13:18 | Create | Villager (Male) |
| 13:19 | Create | Villager (Male) |
| 13:28 | Create | Fishing Ship |
| 13:30 | Create | Fishing Ship |
| 13:48 | Build | Mill |
| 13:51 | Create | Villager (Male) |
| 13:55 | Create | Fishing Ship |
| 14:18 | Create | Villager (Male) |
| 14:41 | Build | Farm |
| 14:44 | Build | Farm |
| 14:49 | Build | Farm |
| 14:53 | Build | Farm |
| 15:21 | Research | Feudal Age |
| 15:23 | Create | Villager (Male) |
| 15:26 | Create | Fishing Ship |
| 16:32 | Build | House |
| 16:34 | Build | House |
| 16:53 | Create | Villager (Male) |
| 17:13 | Build | Mining Camp |
| 17:31 | Age | Feudal Age |
| 17:38 | Build | Blacksmith |
| 17:45 | Build | Watch Tower |
| 18:01 | Create | Villager (Male) |
| 18:19 | Create | Villager (Male) |
| 18:27 | Build | Farm |
| 18:35 | Build | Stable |
| 18:40 | Build | Farm |
| 18:48 | Build | Farm |
| 18:52 | Create | Villager (Male) |
| 18:54 | Research | Fletching |
| 19:04 | Research | Gold Mining |
| 19:06 | Research | Double-Bit Axe |
| 19:07 | Create | Villager (Male) |
| 19:39 | Create | Scout Cavalry |
| 19:43 | Build | House |
| 19:49 | Build | House |
| 20:02 | Create | Villager (Male) |
| 20:15 | Build | House |
| 20:30 | Build | Farm |
| 20:35 | Build | Farm |
| 20:37 | Build | Farm |
| 20:48 | Research | Castle Age |
| 21:02 | Build | Farm |
| 21:43 | Create | Scout Cavalry |
| 22:12 | Build | Farm |
| 22:16 | Create | Villager (Male) |
| 22:38 | Create | Scout Cavalry |
| 23:20 | Create | Villager (Male) |
| 23:20 | Create | Villager (Male) |
| 23:20 | Create | Villager (Male) |
| 23:28 | Age | Castle Age |
| 23:31 | Build | Town Center |
| 23:47 | Build | Castle |
| 24:00 | Create | Villager (Male) |
| 24:01 | Create | Villager (Male) |
| 24:05 | Build | House |
| 24:08 | Build | House |
| 26:21 | Create | Villager (Male) |
| 26:21 | Create | Villager (Male) |
| 26:24 | Build | Lumber Camp |
| 26:28 | Create | Villager (Male) |
| 26:28 | Create | Villager (Male) |
| 26:29 | Create | Villager (Male) |
| 26:29 | Create | Villager (Male) |
| 26:37 | Build | Town Center |
| 26:42 | Create | Janissary |
| 26:57 | Create | Scout Cavalry |
| 26:57 | Create | Scout Cavalry |
| 27:33 | Create | Villager (Male) |
| 27:34 | Create | Villager (Male) |
| 27:34 | Create | Villager (Male) |
| 27:39 | Research | Bow Saw |
| 27:40 | Research | Horse Collar |
| 28:00 | Build | Farm |
| 28:03 | Build | Farm |
| 28:06 | Build | Farm |
| 28:08 | Build | Farm |
| 28:09 | Build | Farm |
| 28:11 | Build | Farm |
| 28:13 | Build | Farm |
| 28:15 | Build | Farm |
| 28:18 | Build | Farm |
| 28:20 | Create | Villager (Male) |
| 28:21 | Create | Villager (Male) |
| 28:21 | Create | Villager (Male) |
| 28:24 | Create | Villager (Male) |
| 28:24 | Create | Villager (Male) |
| 28:26 | Create | Villager (Male) |
| 28:26 | Create | Villager (Male) |
| 28:27 | Create | Villager (Male) |
| 28:28 | Create | Villager (Male) |
| 28:29 | Create | Villager (Male) |
| 28:31 | Create | Villager (Male) |
| 28:37 | Create | Scout Cavalry |
| 28:53 | Research | Bloodlines |
| 28:56 | Research | Scale Barding Armor |
| 29:08 | Create | Villager (Male) |
| 29:16 | Build | Farm |
| 29:20 | Build | Farm |
| 29:24 | Build | Farm |
| 29:43 | Build | Stable |
| 29:44 | Build | Stable |
| 30:53 | Create | Villager (Male) |
| 30:53 | Create | Villager (Male) |
| 30:53 | Create | Villager (Male) |
| 31:00 | Build | Farm |
| 31:11 | Create | Villager (Male) |
| 31:12 | Create | Villager (Male) |
Build order — Onkel Peter
First 150 of 249 actions detected
| 0:23 | Build | Town Center |
| 2:26 | Build | House |
| 2:27 | Build | House |
| 2:48 | Create | Villager (Male) |
| 2:48 | Create | Villager (Male) |
| 2:49 | Create | Villager (Male) |
| 3:20 | Create | Villager (Male) |
| 3:56 | Build | Dock |
| 4:32 | Create | Villager (Male) |
| 4:50 | Create | Villager (Male) |
| 5:20 | Create | Villager (Male) |
| 5:54 | Create | Villager (Male) |
| 5:54 | Create | Villager (Male) |
| 6:25 | Create | Villager (Male) |
| 6:40 | Create | Villager (Male) |
| 6:55 | Create | Fishing Ship |
| 7:24 | Build | House |
| 7:42 | Create | Villager (Male) |
| 8:10 | Build | House |
| 8:13 | Create | Fishing Ship |
| 8:15 | Create | Villager (Male) |
| 8:18 | Create | Villager (Male) |
| 8:48 | Create | Fishing Ship |
| 8:52 | Create | Fishing Ship |
| 9:40 | Create | Villager (Male) |
| 9:41 | Create | Villager (Male) |
| 9:45 | Create | Fishing Ship |
| 10:17 | Create | Villager (Male) |
| 10:34 | Build | Dock |
| 10:41 | Create | Fishing Ship |
| 10:44 | Create | Villager (Male) |
| 10:46 | Create | Villager (Male) |
| 10:47 | Create | Villager (Male) |
| 10:48 | Create | Villager (Male) |
| 10:50 | Create | Villager (Male) |
| 10:50 | Create | Villager (Male) |
| 10:51 | Create | Villager (Male) |
| 10:53 | Create | Villager (Male) |
| 10:54 | Create | Villager (Male) |
| 10:55 | Create | Villager (Male) |
| 10:58 | Create | Villager (Male) |
| 11:26 | Build | House |
| 11:28 | Build | House |
| 11:33 | Research | Loom |
| 11:35 | Create | Villager (Male) |
| 11:36 | Create | Villager (Male) |
| 12:00 | Build | Mill |
| 12:04 | Create | Villager (Male) |
| 12:05 | Create | Villager (Male) |
| 12:06 | Create | Villager (Male) |
| 12:12 | Create | Fishing Ship |
| 12:34 | Create | Fishing Ship |
| 12:49 | Create | Villager (Male) |
| 12:51 | Create | Villager (Male) |
| 13:14 | Build | House |
| 13:15 | Build | House |
| 13:18 | Research | Feudal Age |
| 13:24 | Build | Lumber Camp |
| 13:42 | Create | Fishing Ship |
| 14:07 | Build | House |
| 14:17 | Create | Fishing Ship |
| 15:25 | Create | Villager (Male) |
| 15:28 | Age | Feudal Age |
| 15:30 | Create | Villager (Male) |
| 15:31 | Create | Villager (Male) |
| 15:37 | Create | Fishing Ship |
| 15:38 | Create | Fishing Ship |
| 15:43 | Create | Galley |
| 15:43 | Create | Galley |
| 15:50 | Create | Villager (Male) |
| 15:51 | Create | Villager (Male) |
| 16:06 | Build | Mining Camp |
| 16:11 | Research | Double-Bit Axe |
| 16:22 | Build | Mining Camp |
| 16:27 | Create | Villager (Male) |
| 16:27 | Create | Villager (Male) |
| 16:29 | Create | Villager (Male) |
| 16:53 | Create | Villager (Male) |
| 17:10 | Build | Market |
| 17:18 | Create | Fishing Ship |
| 17:18 | Create | Fishing Ship |
| 17:30 | Create | Villager (Male) |
| 17:31 | Create | Villager (Male) |
| 17:48 | Create | Galley |
| 18:02 | Create | Villager (Male) |
| 18:26 | Build | Blacksmith |
| 18:35 | Create | Fishing Ship |
| 18:35 | Create | Fishing Ship |
| 18:52 | Create | Villager (Male) |
| 18:54 | Create | Villager (Male) |
| 18:56 | Create | Villager (Male) |
| 18:57 | Create | Villager (Male) |
| 19:15 | Create | Villager (Male) |
| 19:17 | Create | Villager (Male) |
| 19:33 | Build | House |
| 19:34 | Build | House |
| 19:49 | Research | Castle Age |
| 20:02 | Research | Tech 906 |
| 20:17 | Research | Gold Mining |
| 20:23 | Build | House |
| 20:24 | Build | House |
| 20:56 | Build | Dock |
| 22:13 | Create | Fishing Ship |
| 22:13 | Create | Fishing Ship |
| 22:13 | Create | Fishing Ship |
| 22:29 | Age | Castle Age |
| 22:35 | Create | Villager (Male) |
| 22:35 | Create | Villager (Male) |
| 22:37 | Create | Villager (Male) |
| 22:38 | Create | Villager (Male) |
| 22:40 | Create | Villager (Male) |
| 22:41 | Create | Villager (Male) |
| 22:42 | Create | Villager (Male) |
| 22:50 | Build | Castle |
| 22:53 | Research | Bow Saw |
| 23:20 | Build | Monastery |
| 23:36 | Build | Fish Trap |
| 23:42 | Research | Gillnets |
| 23:44 | Create | Demolition Raft |
| 23:44 | Create | Demolition Raft |
| 23:44 | Create | Demolition Raft |
| 23:54 | Research | Padded Archer Armor |
| 23:54 | Research | Fletching |
| 23:59 | Build | University |
| 24:03 | Create | Villager (Male) |
| 24:04 | Create | Villager (Male) |
| 24:11 | Create | Rattan Archer |
| 24:11 | Create | Rattan Archer |
| 24:11 | Create | Rattan Archer |
| 24:12 | Create | Rattan Archer |
| 24:32 | Create | Galley |
| 24:32 | Create | Galley |
| 24:45 | Create | Villager (Male) |
| 24:46 | Create | Villager (Male) |
| 24:51 | Create | Rattan Archer |
| 25:21 | Create | Fishing Ship |
| 25:21 | Create | Fishing Ship |
| 25:22 | Create | Fishing Ship |
| 25:44 | Build | Stone Wall |
| 25:51 | Create | Rattan Archer |
| 25:51 | Create | Rattan Archer |
| 26:12 | Research | Bodkin Arrow |
| 26:20 | Create | Rattan Archer |
| 26:21 | Create | Rattan Archer |
| 26:48 | Create | Villager (Male) |
| 26:48 | Create | Villager (Male) |
| 26:49 | Create | Villager (Male) |
| 26:49 | Create | Villager (Male) |
| 26:49 | Create | Villager (Male) |
| 27:14 | Create | Rattan Archer |
Match timeline
| 1:46 | Maxi · first_building Dock |
| 3:04 | PsychoGmoe · first_building Dock |
| 3:56 | Onkel Peter · first_building Dock |
| 7:21 | Sir_Akhozta · first_building Dock |
| 7:31 | AK 47 · first_building Barracks |
| 8:56 | AK 47 · first_building Dock |
| 9:27 | Sir_Akhozta · first_building Barracks |
| 9:50 | Dark.andres · first_building Barracks |
| 11:10 | andres.carrasquilla007 · first_building Barracks |
| 13:03 | AK 47 · wall_segment Palisade Wall x1 |
| 13:58 | Maxi · first_building Barracks |
| 14:05 | mariobaracus · first_building Barracks |
| 14:22 | mariobaracus · first_building Dock |
| 14:23 | Maxi · age_up feudal |
| 15:20 | Maxi · first_building Archery Range |
| 15:28 | Onkel Peter · age_up feudal |
| 16:47 | mariobaracus · age_up feudal |
| 17:08 | Sir_Akhozta · age_up feudal |
| 17:31 | AK 47 · age_up feudal |
| 17:34 | PsychoGmoe · first_building Barracks |
| 17:41 | Maxi · wall_segment Palisade Wall x1 |
| 18:19 | Dark.andres · age_up feudal |
| 18:31 | Sir_Akhozta · first_building Stable |
| 18:35 | AK 47 · first_building Stable |
| 18:43 | PsychoGmoe · first_building Stable |
| 19:21 | mariobaracus · first_building Stable |
| 19:55 | Dark.andres · first_building Archery Range |
| 22:28 | Maxi · age_up castle |
| 22:29 | Onkel Peter · age_up castle |
| 22:50 | Onkel Peter · first_building Castle |
| 23:20 | Onkel Peter · first_building Monastery |
| 23:24 | Maxi · first_building Monastery |
| 23:28 | AK 47 · age_up castle |
| 23:40 | Dark.andres · age_up castle |
| 23:47 | AK 47 · first_building Castle |
| 24:19 | Sir_Akhozta · age_up castle |
| 24:30 | Sir_Akhozta · first_building Castle |
| 25:15 | mariobaracus · first_market_buy 100 food |
| 25:44 | Onkel Peter · wall_segment Stone Wall x6 |
| 25:46 | Maxi · first_building Siege Workshop |
| 25:49 | PsychoGmoe · first_market_sell 100 wood |
| 26:41 | Dark.andres · first_building Castle |
| 27:43 | Sir_Akhozta · first_building Siege Workshop |
| 27:52 | Onkel Peter · first_market_sell 100 food |
| 27:59 | mariobaracus · age_up castle |
| 31:33 | AK 47 · first_building Siege Workshop |
| 32:26 | Onkel Peter · first_building Barracks |
| 32:28 | Maxi · first_market_buy 100 food |
| 34:00 | AK 47 · first_building Archery Range |
| 34:28 | mariobaracus · first_building Castle |
| 35:27 | Onkel Peter · age_up imperial |
| 35:30 | Maxi · first_building Castle |
| 36:09 | AK 47 · age_up imperial |
| 37:55 | Maxi · age_up imperial |
| 39:11 | PsychoGmoe · first_building Siege Workshop |
| 39:55 | Dark.andres · resign |
| 40:53 | Sir_Akhozta · first_building Archery Range |
| 42:48 | andres.carrasquilla007 · age_up feudal |
| 43:38 | mariobaracus · first_building Monastery |
| 45:18 | Sir_Akhozta · age_up imperial |
| 45:27 | Maxi · first_building Stable |
[ AI ANALYSIS · 1 CREDIT ]
What really happened in this match?
Wolo.gg analyzes every decision: build order, eco, micro, common mistakes by bracket. Personalized analysis on WhatsApp or Discord in 30 seconds.
Civ guide
Khmer
Perfil
Jugador #21757764